AoeStats
← Ähmsel

Enclosed

506488387Analyzed
1v1 RM · 17d ago on Sep 13, 2026· 60m 1s· 2 players
Game mode
Random Map
Map size
Tiny (2 player)
Population
200
Speed
Normal
Resources
Standard
Victory
Conquest
Starting age
Dark Age
Ending age
Imperial Age
RankedLock teamsTeams togetherTeam positionsShared explorationLock speedFull tech treeHidden civsTurbo modeCheats
Victory
Defeat
🇩🇪 Burgundians · Germany
108
+22
🇲🇽 Khmer · Mexico
233
-22
Ähmsel
3:13 Loom
3:21 Loom
3:52 Loom
5:43 Wheelbarrow
11:20 Feudal Age
11:58 Town Watch
13:21 Horse Collar
17:06 Hand Cart
16:40 Double-Bit Axe
16:58 Gold Mining
18:21 Heavy Plow
27:37 Castle Age
27:11 Scale Mail Armor
28:00 Bow Saw
27:44 Stone Mining
28:57 Forging
29:27 Squires
29:21 Pikeman
30:23 Husbandry
31:16 Crop Rotation
31:05 Light Cavalry
32:17 Chain Mail Armor
32:09 Scale Barding Armor
32:21 Guilds
33:18 Town Patrol
34:17 Cavalier
35:14 Guard Tower
36:16 Stone Shaft Mining
36:17 Gold Shaft Mining
37:10 Treadmill Crane
38:37 Murder Holes
39:56 Ballistics
42:00 Devotion
42:15 Fervor
45:31 Imperial Age
43:21 Fortified Wall
45:12 Chain Barding Armor
45:28 Iron Casting
44:55 Padded Archer Armor
44:46 Fletching
45:47 Elite Skirmisher
45:58 Crossbowman
46:30 Halberdier
47:54 Sappers
52:09 Two-Man Saw
51:19 Arson
51:55 Hussar
52:11 Paladin
53:42 Burgundian Vineyards
54:34 Man-at-Arms
55:49 Conscription
56:29 Arrowslits
57:52 Chemistry
57:11 Leather Archer Armor
57:04 Long Swordsman
57:39 Onager
cerchileo
3:20 Loom
10:56 Feudal Age
12:18 Wheelbarrow
13:10 Double-Bit Axe
13:11 Horse Collar
16:01 Bloodlines
20:43 Scale Barding Armor
27:01 Castle Age
28:13 Bow Saw
28:08 Heavy Plow
29:03 Hand Cart
28:47 Pikeman
29:30 Husbandry
28:53 Light Cavalry
29:56 Chain Barding Armor
29:51 Elite Skirmisher
31:26 Gold Mining
31:31 Stone Mining
32:05 Town Watch
34:33 Town Patrol
37:44 Masonry
42:33 Imperial Age
45:39 Heavy Scorpion
45:41 Onager
46:06 Cavalier
46:08 Hussar
47:26 Plate Barding Armor
51:11 Gold Shaft Mining
Connection lost

Rejoining the realm…

Still unreachable

The connection could not be restored.

Session expired

The server has moved on; the page needs a fresh start.